 Dungeon Sprint DCSS version 0.19.1 (webtiles) character file.

501 equalderp2856 the Gouger (level 6, -9/31 HPs)
             Began as a Felid Fighter on Nov 29, 2016.
             Was a Follower of Vehumet.
             Mangled by a blink frog (12 damage)
             ... in the Dungeon (Sprint IX: "|||||||||||||||||||||||||||||").
             The game lasted 00:01:48 (550 turns).

equalderp2856 the Gouger (Felid Fighter)             Turns: 550, Time: 00:01:49

Health: -9/31      AC:  2    Str: 13    XL:     6   Next: 95%
Magic:  7/7        EV: 25    Int:  9    God:    Vehumet [*.....]
Gold:   0          SH:  0    Dex: 17    Spells: 0 memorised, 5 levels left
                                        Lives:  0   Deaths: 1

rFire  . . .     SeeInvis +       - Unarmed
rCold  . . .     Gourm    .     (armour unavailable)
rNeg   . . .     Faith    .     (shield unavailable)
rPois  .         Spirit   .     (helmet unavailable)
rElec  .         Reflect  .     (cloak unavailable)
rCorr  .         Harm     .     (gloves unavailable)
MR     .....     NoTele   +     (boots unavailable)
Stlth  ++........               (no amulet)
                                (no ring)
                                (no ring)

@: quick
A: no armour, no weapons or thrown items, stealth, claws 1, fangs 3, see
invisible, carnivore 3, speed 1, shaggy fur 2, slow metabolism 1, sharp paws
a: Renounce Religion


You were in the Dungeon.
You worshipped Vehumet.
Vehumet was aware of your devotion.
You were not hungry.

You visited 1 branch

Inventory:

Jewellery
 m - a +2 ring of evasion
 n - a +3 ring of intelligence
Wands
 l - a wand of lightning (7/15)
Scrolls
 h - 2 scrolls of blinking
 j - 3 scrolls of remove curse
 k - 2 scrolls of amnesia
Potions
 a - a potion of might
 c - 5 potions of curing
 d - a potion of heal wounds
 e - a potion of haste
 f - 4 potions of magic
 g - a potion of berserk rage
 i - a potion of invisibility
Comestibles
 b - 13 meat rations


   Skills:
 + Level 6.6 Fighting
 + Level 9.5 Dodging
 + Level 1.9 Stealth
 + Level 12.6 Unarmed Combat


You had 5 spell levels left.
You didn't know any spells.

Dungeon Overview and Level Annotations

Branches:
Dungeon (1/1)

Altars:
Cheibriados
Dithmenos
Elyvilon
Fedhas
Gozag
Hepliaklqana
Kikubaaqudgha
Makhleb
Nemelex Xobeh
Okawaru
Qazlal
Ru
Sif Muna
Trog
Uskayaw
Vehumet
Xom
Yredelemnul
Zin
The Shining One
Beogh
Jiyva
Lugonu


Innate Abilities, Weirdness & Mutations

You cannot wear armour.
You are incapable of wielding weapons or throwing items.
Your paws allow you to move quietly. (Stealth)
You have sharp claws.
You have razor-sharp teeth.
You have supernaturally acute eyesight. (SInv)
You are carnivorous and can eat meat at any time.
You cover ground quickly.
You are covered in thick fur. (AC +2)
You have a slow metabolism.
Your sharp claws are effective at attacking unaware monsters.


Message History

You kill the blink frog!
Vehumet accepts your kill.
Your Dodging skill increases to level 9!
Your Unarmed Combat skill increases to level 12!
You see here a blink frog corpse.
You start resting.
The blink frog gives a loud, deep croak!
The blink frog barely misses you.
You claw the blink frog!
The blink frog is heavily wounded.
The blink frog hits you!
You closely miss the blink frog.
The blink frog is heavily wounded.
The blink frog hits you!
* * * LOW HITPOINT WARNING * * *
You scratch the blink frog. Your claw misses the blink frog.
You bite the blink frog, but do no damage.
The blink frog is severely wounded.
The blink frog hits you!
You die...

▓.▓[▓
▓.▓[▓
▓.▓[▓
▓†▓[▓
▓.▓
▓.▓.▓
▓.▓
▓.▓F▓
▓s▓
▓.▓'▓
▓.▓
▓F▓F▓
▓.▓
▓@▓?▓
▓.▓
▓.▓)▓
▓†▓
▓.▓F▓
▓h▓
▓.▓.▓
▓.▓
▓.▓.▓
▓[▓
▓.▓
▓[▓
▓.▓
▓[▓
▓.▓
▓)▓
▓.▓
▓h▓


You could see a blink frog.

Vanquished Creatures
  A blink frog (D)
  2 vampire mosquitoes (D)
  A scorpion (D)
  An iguana (D)
  An orc wizard (D)
  An adder zombie (D)
  2 hobgoblins (D)
  A kobold (D)
  A quokka (D)
  A frilled lizard (D)
  A quokka skeleton (D)
  A rat (D)
14 creatures vanquished.

Notes
Turn   | Place    | Note
-------+----------+-------------------------------------------
     0 | D        | equalderp2856 the Felid Fighter began the quest for the Orb.
     0 | D        | Reached XP level 1. HP: 10/10 MP: 2/2
    13 | D        | Reached skill level 5 in Unarmed Combat
    18 | D        | Noticed an iguana
    18 | D        | Noticed an orc wizard
    23 | D        | Killed an orc wizard
    23 | D        | Reached skill level 5 in Dodging
    23 | D        | Reached skill level 6 in Unarmed Combat
    23 | D        | Reached XP level 2. HP: 15/15 MP: 3/3
    23 | D        | Reached XP level 3. HP: 18/18 MP: 4/4
    37 | D        | Reached skill level 7 in Unarmed Combat
    60 | D        | Found a roughly hewn altar of Beogh.
    60 | D        | Found a snail-covered altar of Cheibriados.
    60 | D        | Found a shadowy altar of Dithmenos.
    60 | D        | Found a white marble altar of Elyvilon.
    60 | D        | Found a blossoming altar of Fedhas.
    60 | D        | Found an opulent altar of Gozag.
    61 | D        | Found a hazy altar of Hepliaklqana.
    62 | D        | Found a viscous altar of Jiyva.
    63 | D        | Found an ancient bone altar of Kikubaaqudgha.
    64 | D        | Found a corrupted altar of Lugonu.
    65 | D        | Found a burning altar of Makhleb.
    66 | D        | Found a sparkling altar of Nemelex Xobeh.
    67 | D        | Found an iron altar of Okawaru.
    68 | D        | Found a stormy altar of Qazlal.
    69 | D        | Found a sacrificial altar of Ru.
    70 | D        | Found a deep blue altar of Sif Muna.
    71 | D        | Found a bloodstained altar of Trog.
    72 | D        | Found a hide-covered altar of Uskayaw.
    73 | D        | Found a radiant altar of Vehumet.
    74 | D        | Found a shimmering altar of Xom.
    75 | D        | Found a basalt altar of Yredelemnul.
    76 | D        | Found a glowing silver altar of Zin.
    77 | D        | Found a glowing golden altar of the Shining One.
    81 | D        | Became a worshipper of Vehumet
   103 | D        | Noticed a scorpion
   103 | D        | Noticed a hill giant
   103 | D        | Noticed a hill giant
   103 | D        | Noticed a scorpion
   106 | D        | Killed a scorpion
   106 | D        | Reached skill level 8 in Unarmed Combat
   106 | D        | Reached XP level 4. HP: 22/22 MP: 5/5
   171 | D        | Demolished by a hill giant
   172 | D        | Reached XP level 3. HP: -17/18 MP: 4/4
   270 | D        | Noticed a vampire mosquito
   270 | D        | Noticed a blink frog
   270 | D        | Noticed a vampire mosquito
   270 | D        | Noticed a bullfrog
   274 | D        | Noticed a tyrant leech
   278 | D        | Noticed a blink frog
   279 | D        | Killed a vampire mosquito
   279 | D        | Reached skill level 5 in Fighting
   279 | D        | Reached skill level 10 in Unarmed Combat
   279 | D        | Reached XP level 4. HP: 16/23 MP: 5/5
   279 | D        | Reached XP level 5. HP: 18/26 MP: 6/6
   500 | D        | Killed a vampire mosquito
   500 | D        | Reached * piety under Vehumet
   500 | D        | Offered knowledge of Sting by Vehumet.
   500 | D        | Reached skill level 1 in Stealth
   500 | D        | Reached skill level 11 in Unarmed Combat
   500 | D        | Gained mutation: You are covered in thick fur. (AC +2) [Felid growth]
   500 | D        | Reached XP level 6. HP: 30/31 MP: 7/7
   530 | D        | Killed a blink frog
   530 | D        | Reached skill level 12 in Unarmed Combat
   550 | D        | Mangled by a blink frog

Skill      XL: |  1  2  3  4  5  6 |
---------------+-------------------+-----
Unarmed Combat | 6 10 11 12 | 12.6
Dodging        | 5 7 8 9 |  9.5
Fighting       | 5 6 |  6.6
Stealth        | 1 |  1.9

Action                   |  1- 3 |  4- 6 || total
-------------------------+-------+-------++-------
Melee: Unarmed           |    37 |    31 ||    68
       Bite              |     2 |     3 ||     5
       Punch             |     1 |     1 ||     2
  Use: Potion            |     1 |     1 ||     2
Dodge: Dodged            |    26 |    29 ||    55
